AoeStats
← 航各各

Arena

509058281Analyzed
3v3 RM · 7d ago on Sep 25, 2026· 53m 49s· 6 players
Game mode
Random Map
Map size
Normal (6 player)
Population
200
Speed
Normal
Resources
Standard
Victory
Conquest
Starting age
Dark Age
Ending age
Imperial Age
RankedLock teamsTeams togetherTeam positionsShared explorationLock speedFull tech treeHidden civsTurbo modeCheats
Victory
Defeat
🇦🇺 Danes · Australia
883
+16
🇨🇳 Turks · China
865
+17
🇨🇳 Franks · China
812
+19
🇨🇳 Persians · China
941
-61
🇪🇸 Ethiopians · Spain
856
-16
🇨🇳 Spanish · China
846
-16
依文12345
0:43 Loom
11:54 Feudal Age
12:53 Double-Bit Axe
13:41 Man-at-Arms
20:13 Castle Age
18:39 Arson
19:23 Stone Mining
24:10 Wheelbarrow
23:57 Bow Saw
25:07 Gold Mining
29:01 Scale Barding Armor
29:06 Forging
31:14 Hand Cart
31:50 Masonry
31:52 Fortified Wall
34:18 Imperial Age
31:49 Fletching
32:00 Padded Archer Armor
33:25 Pikeman
34:06 Squires
34:48 Gold Shaft Mining
35:33 Conscription
36:31 Iron Casting
36:17 Chain Barding Armor
35:21 Elite Skirmisher
36:24 Leather Archer Armor
36:05 Bodkin Arrow
36:32 Siege Engineers
36:24 Murder Holes
37:21 Halberdier
37:48 Onager
39:41 Treadmill Crane
40:32 Architecture
40:23 Ballistics
41:04 Chemistry
39:30 Heavy Scorpion
40:26 Husbandry
39:47 Cavalier
41:48 Capped Ram
43:25 Paladin
45:04 Chivalry
44:46 Light Cavalry
46:04 Plate Barding Armor
46:30 Blast Furnace
45:30 Scale Mail Armor
45:59 Long Swordsman
46:24 Gambesons
399248324
13:24 Feudal Age
15:48 Wheelbarrow
16:00 Double-Bit Axe
16:18 Horse Collar
18:40 Castle Age
17:49 Scale Mail Armor
Sinbad
7:11 Loom
11:20 Feudal Age
13:16 Horse Collar
13:26 Double-Bit Axe
14:04 Forging
16:58 Castle Age
15:57 Stone Mining
20:32 Elite Skirmisher
22:55 Padded Archer Armor
28:35 Bow Saw
29:12 Gold Mining
31:13 Leather Archer Armor
32:44 Fletching
33:50 Wheelbarrow
33:00 Town Watch
33:51 Pikeman
34:37 Squires
34:26 Hamask
35:53 Murder Holes
36:13 Thumb Ring
40:41 Imperial Age
38:37 Town Patrol
39:34 Hand Cart
40:53 Halberdier
44:13 Ring Archer Armor
43:56 Forging
43:47 Scale Mail Armor
43:43 Bodkin Arrow
43:28 Elite Varangian Guard
46:44 Halberdier
48:04 Caravan
48:49 Conscription
49:24 Iron Casting
49:05 Chain Mail Armor
48:51 Bracer
49:35 Heavy Plow
50:00 Onager
50:08 Heavy Scorpion
航各各
24:05 Feudal Age
25:59 Horse Collar
38:05 Castle Age
39:30 Wheelbarrow
43:41 Heavy Plow
44:41 Kamandaran
45:17 Ballistics
47:35 Crossbowman
47:35 Elite Skirmisher
48:25 Thumb Ring
Aventurine
8:35 Loom
10:21 Feudal Age
14:05 Castle Age
12:41 Double-Bit Axe
13:30 Horse Collar
14:00 Loom
16:23 Town Watch
26:52 Padded Archer Armor
30:42 Leather Archer Armor
35:27 Gold Mining
35:55 Bow Saw
39:07 Bloodlines
38:58 Husbandry
40:08 Wheelbarrow
43:21 Imperial Age
43:57 Hand Cart
44:10 Scale Barding Armor
43:37 Elite Conquistador
44:38 Conscription
44:20 Cavalier
45:42 Paladin
47:12 Chain Barding Armor
47:02 Forging
47:26 Elite Conquistador
48:44 Hoardings
47:44 Light Cavalry
49:10 Plate Barding Armor
49:32 Iron Casting
49:45 Hussar
kikekalimar
13:07 Feudal Age
Connection lost

Rejoining the realm…

Still unreachable

The connection could not be restored.

Session expired

The server has moved on; the page needs a fresh start.